 Dungeon Crawl Stone Soup version 0.27-a0-972-gd1521fd518 (webtiles) character file.

Game seed: 6200478488064282850

127 Alarkh the Insei (level 4, 21/33 HPs)
             Began as a Demonspawn Transmuter on Apr 13, 2021.
             Got out of the dungeon alive.
             The game lasted 00:02:04 (2013 turns).

Alarkh the Insei (Demonspawn Transmuter)            Turns: 2013, Time: 00:02:04

Health: 21/33      AC:  2    Str: 11    XL:     4   Next: 85%
Magic:  8/8        EV: 12    Int: 15    God:
Gold:   69         SH:  5    Dex: 13    Spells: 7/8 levels left

rFire    . . .     SeeInvis .     - Unarmed
rCold    . . .     Faith    .   (no shield)
rNeg     . . .     Spirit   .   a - +0 robe
rPois    .         Reflect  +   (no helmet)
rElec    .         Harm     .   (no cloak)
rCorr    .         Rampage  .   (no gloves)
Will     .....                  (no boots)
Stlth    +.........             f - amulet of reflection
HPRegen  0.11/turn              (no ring)
MPRegen  0.11/turn              (no ring)

@: no status effects
A: claws 1, demonic guardian 1
a: no special abilities


You escaped.
You visited 1 branch of the dungeon, and saw 3 of its levels.

You collected 69 gold pieces.

Inventory:

Armour
 a - a +0 robe (worn)
Magical Staves
 g - a staff of conjuration
Jewellery
 f - an amulet of reflection (around neck)
Scrolls
 b - a scroll of enchant weapon {unknown}
 c - a scroll of enchant armour {unknown}
 d - 2 scrolls of immolation {unknown}
 e - a scroll of silence {unknown}
 h - 2 scrolls of teleportation {unknown}
 k - 2 scrolls of identify {unknown}
 l - a scroll of fog {unknown}
 m - a scroll of blinking {unknown}
Potions
 i - 2 potions of lignification {unknown}
 j - a potion of heal wounds {unknown}


   Skills:
 + Level 2.1 Fighting
 - Level 1.7 Dodging
 * Level 3.8 Unarmed Combat
 + Level 2.7 Spellcasting
 + Level 2.6 Transmutations


You had 7 spell levels left.
You knew the following spells:

 Your Spells              Type           Power      Damage    Failure   Level
a - Beastly Appendage     Tmut           18%        N/A       7%          1

Your spell library contained the following spells:

 Spells                   Type           Power      Damage    Failure   Level
 Wereblood                Tmut           9%         N/A       11%         2
 Animate Skeleton         Necr           4%         N/A       21%         1
 Apportation              Tloc           4%         N/A       21%         1
 Corona                   Hex            2%         N/A       21%         1
 Summon Small Mammal      Summ           8%         N/A       21%         1
 Spider Form              Tmut/Pois      2%         N/A       36%         3
 Ice Form                 Ice/Tmut       5%         N/A       77%         4
 Hydra Form               Tmut           4%         N/A       89%         5


Dungeon Overview and Level Annotations

Branches:
Dungeon (3/15)

Altars:


Innate Abilities, Weirdness & Mutations

You have sharp fingernails.
A weak demonic guardian rushes to your aid.


Message History

You barely miss the sky beast.
You claw the sky beast, but do no damage.
You headbutt the sky beast, but do no damage.
The sky beast is almost dead.
The sky beast barely misses you.
Your white imp gestures at the sky beast.
The puff of frost hits the sky beast.
The sky beast dies!
Your Fighting skill increases to level 2!
You have reached level 4!
You feel stronger.
You feel monstrous as your demonic heritage exerts itself.
Your demonic ancestry asserts itself...
Your fingernails lengthen.
Unknown command.
Your transformation is almost over.
Magic restored.
Your white imp disappears in a puff of smoke!
You see here a hobgoblin corpse.
Found an escape hatch in the floor.
There is an escape hatch in the ceiling here.
Your horns disappear.
Your talons disappear.
A mysterious force pulls you upwards. The hatch slams shut behind you.
Unknown command.
Unknown command.
Unknown command.
Unknown command.
Unknown command.
There is a stone staircase leading up here.
You climb upwards.
There is a stone staircase leading down here.
Unknown command.
Unknown command.
Unknown command.
Unknown command.
Unknown command.
Magic restored.
There is a staircase leading out of the dungeon here.
Are you sure you want to leave the Dungeon?
This will make you lose the game!
You have escaped!

########## ###########........#
##### ...................# #...#
.##########........# #...#
.##.......#........# #...#
.###.........#.....####...# .#
#.#.##.#..#.###...##...#
.###.#.......#.#@###......#
............##.##..###....##
.###.#...#..#..###...###...###
................###....###...##
####.#(#.##.....# ##.....###..###
.รท..........>...#####......##....
####.#..............##...........
####.######..........##..........
......................##.........


There were no monsters in sight!

Vanquished Creatures
  2 adders (D:2)
  2 dart slugs
  An orc (D:3)
  4 bats
  5 endoplasms (D:2)
  A goblin (D:1)
  4 hobgoblins
  A jackal (D:3)
  6 ball pythons
  A frilled lizard (D:2)
  6 kobolds
  5 rats
38 creatures vanquished.

Vanquished Creatures (collateral kills)
  A sky beast (D:3)
  3 jackals (D:3)
  A bat (D:3)
5 creatures vanquished.

Grand Total: 43 creatures vanquished

Notes
Turn   | Place    | Note
-------+----------+-------------------------------------------
     0 | D:1      | Alarkh the Demonspawn Transmuter began the quest for the
                  | Orb.
     0 | D:1      | Reached XP level 1. HP: 15/15 MP: 3/3
   358 | D:1      | Gained mutation: A weak demonic guardian rushes to your
                  | aid. [demonic ancestry]
   358 | D:1      | Reached XP level 2. HP: 15/21 MP: 3/5
   446 | D:1      | Reached skill level 3 in Unarmed Combat
  1313 | D:2      | Reached XP level 3. HP: 25/26 MP: 4/6
  1937 | D:3      | Noticed a sky beast
  1958 | D:3      | Killed a sky beast
  1959 | D:3      | Gained mutation: You have sharp fingernails. [demonic
                  | ancestry]
  1959 | D:3      | Reached XP level 4. HP: 15/33 MP: 5/8
  2013 | D:$      | Got out of the dungeon alive.

Illustrated notes

Levels and vault maps discovered:
D:1:      minmay_arrival_pointy, layout_basic, minivault_5, dk_noncrumbling_4,
          minmay_misc_feat_room, minmay_tromino_v7
D:2:      layout_loops_ring
D:3:      layout_rooms, nicolae_overflow_hidden_temple

Skill      XL: |  1  2  3 |
---------------+----------+-----
Transmutations | 2 |  2.6
Unarmed Combat | 3 |  3.8
Fighting       | 2 |  2.1
Dodging        | |  1.7
Spellcasting   | |  2.7

Action                   |  1- 3 |  4- 6 || total
-------------------------+-------+-------++-------
Melee: Unarmed           |   118 |       ||   118
       Headbutt          |    11 |       ||    11
       Kick              |    16 |       ||    16
       Punch             |     1 |       ||     1
 Cast: Beastly Appendage |    28 |       ||    28
 Stab: Sleeping          |     5 |       ||     5
Armor: Robe              |    12 |       ||    12
Dodge: Dodged            |    70 |       ||    70
Block: Other             |    33 |       ||    33
       Reflection        |     1 |       ||     1

Table legend: (Time is in decaauts)
 A = Elapsed time spent in this place.
 B = Non-inter-level travel time spent in this place.
 C = Inter-level travel time spent in this place.
 D = Time resting spent in this place.
 E = Time spent auto-exploring this place.
 F = Levels seen in this place.
 G = Mean time per level.
                   A        B        C        D        E       F      G
               +--------+--------+--------+--------+--------+-----+--------+
         Total |   2006 |   1897 |    109 |      0 |   1598 |   3 |  668.7 |
       Dungeon |   2006 |   1897 |    109 |      0 |   1598 |   3 |  668.7 |
               +--------+--------+--------+--------+--------+-----+--------+

Top non-repeatable levels by time:
     D:1: 1053 daAuts
     D:2: 889 daAuts
     D:3: 63 daAuts
